 Dungeon Crawl Stone Soup version 0.29.0 (webtiles) character file.

Game seed: 11195782063509785390

192 kaikaun the Slasher (level 5, -2/47 HPs)
             Began as a Gnoll Cinder Acolyte on Sept 1, 2022.
             Was a High Priest of Ignis.
             Slain by an iguana (8 damage)
             ... on level 4 of the Dungeon.
             The game lasted 00:07:38 (2859 turns).

kaikaun the Slasher (Gnoll Cinder Acolyte)          Turns: 2859, Time: 00:07:39

Health: -2/47      AC: 10    Str: 14    XL:     5   Next: 71%
Magic:  1/9        EV: 11    Int: 13    God:    Ignis [*****.]
Gold:   164        SH:  0    Dex:  9    Spells: 8/10 levels left

rFire   + . .      SeeInvis .   a - -1 falchion (flame)
rCold   . . .      Faith    .   (no shield)
rNeg    + . .      Spirit   .   z - +0 leather armour
rPois   .          Reflect  .   (no helmet)
rElec   .          Harm     .   (no cloak)
rCorr   .          Rampage  .   (no gloves)
Will    .....                   (no boots)
Stlth   +.........              (no amulet)
HPRegen 0.15/turn               d - ring of positive energy
MPRegen 0.11/turn               t - +4 ring of slaying

@: fiery-armoured
A: fangs 1, strong nose, distributed training
a: Renounce Religion, Fiery Armour, Foxfire Swarm, Rising Flame


You were on level 4 of the Dungeon.
You worshipped Ignis.
Ignis was extremely pleased with you.
You visited 1 branch of the dungeon, and saw 4 of its levels.

You collected 164 gold pieces.

Inventory:

Hand Weapons
 a - a -1 falchion of flaming (weapon)
Missiles
 h - 2 silver javelins
 j - 3 datura-tipped darts (quivered)
 y - 6 boomerangs
Armour
 z - a +0 leather armour (worn)
Jewellery
 d - a ring of positive energy (left hand)
 m - a ring of ice
 t - a +4 ring of slaying (right hand)
Scrolls
 c - a scroll of immolation {unknown}
 l - a scroll of magic mapping {unknown}
 n - 2 scrolls of noise {unknown}
 o - a scroll of blinking {unknown}
 q - a scroll of poison {unknown}
 v - a scroll of butterflies {unknown}
 w - a scroll of acquirement {unknown}
 x - a scroll of silence {unknown}
 A - a scroll of summoning {unknown}
Potions
 b - 3 potions of might {unknown}
 e - 2 potions of mutation
 f - 3 potions of haste
 g - 2 potions of ambrosia {unknown}
 i - 2 potions of lignification
 k - a potion of heal wounds
 p - a potion of berserk rage
 r - 4 potions of curing
 s - a potion of invisibility {unknown}
 u - 2 potions of attraction {unknown}


   Skills:
 + Level 6.7 Fighting
 + Level 1.6 Short Blades
 + Level 6.7 Long Blades
 + Level 1.6 Axes
 + Level 1.6 Maces & Flails
 + Level 1.6 Polearms
 + Level 1.6 Staves
 + Level 1.6 Ranged Weapons
 + Level 1.6 Throwing
 + Level 1.6 Armour
 + Level 1.6 Dodging
 + Level 1.6 Stealth
 + Level 1.6 Shields
 + Level 1.6 Unarmed Combat
 + Level 3.2 Spellcasting
 + Level 1.3 Conjurations
 + Level 1.3 Hexes
 + Level 1.3 Summonings
 + Level 1.3 Necromancy
 + Level 1.3 Translocations
 + Level 1.3 Transmutations
 + Level 5.6 Fire Magic
 + Level 1.3 Ice Magic
 + Level 1.3 Air Magic
 + Level 1.3 Earth Magic
 + Level 1.3 Poison Magic
 + Level 1.9 Invocations
 + Level 1.6 Evocations


You had 8 spell levels left.
You knew the following spells:

 Your Spells              Type           Power      Damage    Failure   Level
a - Scorch                Fire           32%        2d6       4%          2

Your spell library contained the following spells:

 Spells                   Type           Power      Damage    Failure   Level
 Foxfire                  Conj/Fire      44%        2x1d6     7%          1
 Sting                    Tmut/Pois      20%        1d4       16%         1
 Conjure Flame            Conj/Fire      11%        6-21      21%         3
 Inner Flame              Hex/Fire       11%        N/A       21%         3
 Poisonous Vapours        Pois/Air       10%        N/A       24%         2
 Flame Wave               Conj/Fire      11%        2d6       54%         4
 Olgreb's Toxic Radiance  Pois           5%         N/A       85%         4
 Summon Cactus Giant      Summ           2%         N/A       100%        6


Dungeon Overview and Level Annotations

Branches:
Dungeon (4/15)
 Temple: D:4-7

Altars:
Elyvilon
Nemelex Xobeh

Shops:
D:1 :


Innate Abilities, Weirdness & Mutations

You have very sharp teeth.
Your uncanny sense of smell can sniff out nearby items.
Your experience applies equally to all skills.


Message History

You hear a shout!
Casting: Scorch (safe; 4% risk of failure)
Confirm with . or Enter, or press ? or * to list all spells.
You don't have enough magic to cast this spell.
A hobgoblin comes into view.
An orc comes into view. It is wielding a +0 mace.
You hit the hobgoblin. You burn the hobgoblin.
You kill the hobgoblin!
You hear the slow hiss of an avalanche of sand.
You see here a hobgoblin corpse.
You barely miss the orc. The orc hits you with a +0 mace.
You barely miss the orc. The orc hits you but does no damage.
You hit the orc. You burn the orc. Your bite misses the orc.
The orc is heavily wounded.
The orc hits you but does no damage. The iguana barely misses you.
You hit the orc. You burn the orc.
You kill the orc!
The iguana bites you!
Casting: Scorch (safe; 4% risk of failure)
Confirm with . or Enter, or press ? or * to list all spells.
Flames lash the iguana.
The iguana is lightly wounded.
The iguana's fire resistance burns away.
The iguana bites you!
Unknown command.
You closely miss the iguana.
The iguana is lightly wounded.
The iguana bites you but does no damage.
You hit the iguana but do no damage.
The iguana is lightly wounded.
The iguana closely misses you.
You closely miss the iguana.
The iguana is lightly wounded.
The iguana is no longer more vulnerable to fire.
The iguana bites you!
* * * LOW HITPOINT WARNING * * *
Unknown command.
A protective cloak of flame settles atop you.
The iguana bites you!
You die...

# ..# .. ##.. #. #... #
#.# ...##.. #.##..#....
#..#.)..#.. ...
#..)....... ...#
+..@....... .. #.#..##
#..l....... .. .#...##
#.......... ..
......###..........
..###.#.....##...#......
.....##...#..#..##......
......#..##......#......
.....###................
....[...................


You could see an iguana.

Vanquished Creatures
  An ogre (D:4)
  5 adders
  A dart slug (D:1)
  5 orcs (D:4)
  7 ball pythons
  2 endoplasms
  5 giant cockroaches
  6 goblins
  4 hobgoblins
  2 kobolds
  4 quokkas
  10 bats
  3 frilled lizards (D:2)
  3 rats
58 creatures vanquished.

Notes
Turn   | Place    | Note
-------+----------+-------------------------------------------
     0 | D:1      | kaikaun the Gnoll Cinder Acolyte began the quest for the
                  | Orb.
     0 | D:1      | Reached XP level 1. HP: 23/23 MP: 4/4
   131 | D:1      | Found a faded altar of an unknown god.
   269 | D:1      | Reached XP level 2. HP: 13/29 MP: 5/5
   272 | D:1      | Learned a level 2 spell: Scorch
   544 | D:1      | Found Jafesonu's Book Boutique.
  1139 | D:2      | Reached XP level 3. HP: 33/35 MP: 7/7
  1435 | D:2      | Found a white marble altar of Elyvilon.
  1516 | D:2      | Reached skill level 1 in Invocations
  1827 | D:3      | Found a sparkling altar of Nemelex Xobeh.
  1852 | D:3      | Reached skill level 1 in Short Blades
  1852 | D:3      | Reached skill level 1 in Axes
  1852 | D:3      | Reached skill level 1 in Maces & Flails
  1852 | D:3      | Reached skill level 1 in Polearms
  1852 | D:3      | Reached skill level 1 in Staves
  1852 | D:3      | Reached skill level 1 in Ranged Weapons
  1852 | D:3      | Reached skill level 1 in Throwing
  1852 | D:3      | Reached skill level 1 in Armour
  1852 | D:3      | Reached skill level 1 in Dodging
  1852 | D:3      | Reached skill level 1 in Stealth
  1852 | D:3      | Reached skill level 1 in Shields
  1852 | D:3      | Reached skill level 1 in Unarmed Combat
  1852 | D:3      | Reached skill level 1 in Evocations
  2030 | D:3      | Reached XP level 4. HP: 41/41 MP: 5/8
  2696 | D:4      | Reached skill level 1 in Conjurations
  2696 | D:4      | Reached skill level 1 in Hexes
  2696 | D:4      | Reached skill level 1 in Summonings
  2696 | D:4      | Reached skill level 1 in Necromancy
  2696 | D:4      | Reached skill level 1 in Translocations
  2696 | D:4      | Reached skill level 1 in Transmutations
  2696 | D:4      | Reached skill level 1 in Ice Magic
  2696 | D:4      | Reached skill level 1 in Air Magic
  2696 | D:4      | Reached skill level 1 in Earth Magic
  2696 | D:4      | Reached skill level 1 in Poison Magic
  2806 | D:4      | Noticed an ogre
  2812 | D:4      | Killed an ogre
  2813 | D:4      | Reached XP level 5. HP: 47/47 MP: 0/9
  2859 | D:4      | Slain by an iguana

Illustrated notes

Levels and vault maps discovered:
D:1:      psy_arrival_spokes, layout_basic, hellmonk_ecumenical_altar_lost_god,
          serial_shops, nicolae_shop_statue_plus, hangedman_abyss_or_decor_stabs
D:2:      layout_loops_cross, basic_altar
D:3:      layout_loops_corners, mainiacjoe_overflow_concentric_impassable,
          minmay_cut_off
D:4:      layout_cave_pools, temple_statues, gup_ossuary_entry_pyramid,
          grunt_ministairs_4

Skill      XL: |  1  2  3  4 |
---------------+-------------+-----
Invocations    | 1 |  1.9
Short Blades   | 1 |  1.6
Axes           | 1 |  1.6
Maces & Flails | 1 |  1.6
Polearms       | 1 |  1.6
Staves         | 1 |  1.6
Ranged Weapons | 1 |  1.6
Throwing       | 1 |  1.6
Armour         | 1 |  1.6
Dodging        | 1 |  1.6
Stealth        | 1 |  1.6
Shields        | 1 |  1.6
Unarmed Combat | 1 |  1.6
Evocations     | 1 |  1.6
Spellcasting   | 3 |  3.2
Conjurations   | 1 |  1.3
Hexes          | 1 |  1.3
Summonings     | 1 |  1.3
Necromancy     | 1 |  1.3
Translocations | 1 |  1.3
Transmutations | 1 |  1.3
Ice Magic      | 1 |  1.3
Air Magic      | 1 |  1.3
Earth Magic    | 1 |  1.3
Poison Magic   | 1 |  1.3
Fighting       | |  6.7
Long Blades    | |  6.7
Fire Magic     | |  5.6

Action                   |  1- 3 |  4- 6 || total
-------------------------+-------+-------++-------
Melee: Falchion          |    83 |    43 ||   126
       Bite              |     4 |     1 ||     5
 Cast: Scorch            |     5 |     7 ||    12
Invok: Fiery Armour      |       |     1 ||     1
  Use: Scroll            |     6 |       ||     6
Armor: Robe              |    27 |     6 ||    33
       Leather armour    |       |     7 ||     7
Dodge: Dodged            |    44 |    21 ||    65
